 Dungeon Crawl Stone Soup version 0.28.0 (webtiles) character file.

Game seed: 16371854803563159949

146 Majang the Covert (level 5, -3/47 HPs)
             Began as a Gnoll Delver on Feb 14, 2022.
             Was an Initiate of Ru.
             Slain by a killer bee (6 damage)
             ... on level 7 of the Dungeon.
             The game lasted 00:02:29 (371 turns).

Majang the Covert (Gnoll Delver)                     Turns: 371, Time: 00:02:29

Health: -3/47      AC:  3    Str: 14    XL:     5   Next: 28%
Magic:  7/7        EV: 13    Int:  9    God:    Ru [......]
Gold:   0          SH:  0    Dex: 13    Spells: 6/6 levels left

rFire   . . .      SeeInvis .   a - +0 short sword
rCold   . . .      Faith    .   (no shield)
rNeg    . . .      Spirit   .   b - +0 leather armour
rPois   .          Reflect  .   (no helmet)
rElec   .          Harm     .   (no cloak)
rCorr   .          Rampage  .   (no gloves)
Will    .....                   (no boots)
Stlth   ++++......              (no amulet)
HPRegen 0.15/turn               (no ring)
MPRegen 0.10/turn               (no ring)

@: lethally poisoned (-3 -> -13)
A: fangs 1, strong nose, distributed training
a: Renounce Religion


You were on level 7 of the Dungeon.
You worshipped Ru.
Ru was noncommittal.
You visited 1 branch of the dungeon, and saw 2 of its levels.

Inventory:

Hand Weapons
 a - a +0 short sword (weapon)
Armour
 b - a +0 leather armour (worn)
Wands
 g - a wand of digging (3)
Potions
 f - a potion of haste


   Skills:
 + Level 6.7 Fighting
 + Level 4.7 Short Blades
 + Level 1.4 Long Blades
 + Level 1.4 Axes
 + Level 1.4 Maces & Flails
 + Level 1.4 Polearms
 + Level 1.4 Staves
 + Level 1.4 Slings
 + Level 1.4 Bows
 + Level 1.4 Crossbows
 + Level 1.4 Throwing
 + Level 1.4 Armour
 + Level 4.7 Dodging
 + Level 9.7 Stealth
 + Level 1.4 Shields
 + Level 1.4 Unarmed Combat
 + Level 1.4 Spellcasting
 + Level 1.1 Conjurations
 + Level 1.1 Hexes
 + Level 1.1 Summonings
 + Level 1.1 Necromancy
 + Level 1.1 Translocations
 + Level 1.1 Transmutations
 + Level 1.1 Fire Magic
 + Level 1.1 Ice Magic
 + Level 1.1 Air Magic
 + Level 1.1 Earth Magic
 + Level 1.1 Poison Magic
 + Level 1.6 Invocations
 + Level 1.4 Evocations


You had 6 spell levels left.
You didn't know any spells.
Your spell library was empty.

Dungeon Overview and Level Annotations

Branches:
Dungeon (5/15)
 Temple: D:4-7

Altars:
Ru

Annotations:
D:7 3 runed translucent doors, snonkus's ghost, novice GrBe


Innate Abilities, Weirdness & Mutations

You have very sharp teeth.
Your uncanny sense of smell can sniff out nearby items.
Your experience applies equally to all skills.


Message History

You feel very sick.
You feel sick.
You feel sick.
You feel sick.
You feel sick.
You feel sick.
You feel sick.
You feel sick.
You feel sick.
You are no longer poisoned.
You start resting.
A killer bee comes into view.
A killer bee comes into view. x2
As you read the scroll of fog, it crumbles to dust.
The scroll dissolves into smoke.
You start resting.
A killer bee is nearby!
A killer bee is nearby!
Unknown command.
You catch the helpless killer bee completely off-guard!
You puncture the killer bee!
The killer bee is almost dead.
The killer bee stings you but does no damage.
The killer bee stings you.
* * * LOW HITPOINT WARNING * * *
You are poisoned.
The killer bee poisons you!
You miss the killer bee. Your bite misses the killer bee.
The killer bee is almost dead.
* * * LOW HITPOINT WARNING * * *
You feel sick. The killer bee stings you.
* * * LOW HITPOINT WARNING * * *
You are lethally poisoned!
The killer bee poisons you!
You barely miss the killer bee. Your bite misses the killer bee.
The killer bee is almost dead.
* * * LOW HITPOINT WARNING * * *
You feel very sick. The killer bee misses you. The killer bee stings you.
You die...

#.# #.# #.# #.##### #.....#
#.....# #.....# #.....# #####
#.....# #y@.# #.....###.#§#
#........§.§####...........
#....####..................
#....# #..............h....
#....###.....yy............
#######..............y...........
...........÷..........y..........
###########...............†......


You could see a killer bee.

Vanquished Creatures
  A bullfrog (D:7)
  A centaur zombie (D:7)
  2 iguanas (D:7)
  A bat (D:5)
  A goblin (D:5)
  A hobgoblin (D:5)
  A frilled lizard (D:5)
8 creatures vanquished.

Notes
Turn   | Place    | Note
-------+----------+-------------------------------------------
     0 | D:5      | Reached skill level 9 in Stealth
     0 | D:5      | Majang the Gnoll Delver began the quest for the Orb.
     0 | D:5      | Reached XP level 1. HP: 23/23 MP: 1/1
     8 | D:5      | Found a sacrificial altar of Ru.
    26 | D:5      | Became a worshipper of Ru the Awakened
    31 | D:5      | You fall into a shaft and drop 2 floors!
    31 | D:7      | Noticed a bullfrog
    31 | D:7      | Noticed an iguana
    32 | D:7      | Killed an iguana
    33 | D:7      | Reached XP level 2. HP: 28/29 MP: 2/2
    33 | D:7      | Reached XP level 3. HP: 33/35 MP: 3/3
    40 | D:7      | Killed a bullfrog
    41 | D:7      | Reached skill level 1 in Long Blades
    41 | D:7      | Reached skill level 1 in Axes
    41 | D:7      | Reached skill level 1 in Maces & Flails
    41 | D:7      | Reached skill level 1 in Polearms
    41 | D:7      | Reached skill level 1 in Staves
    41 | D:7      | Reached skill level 1 in Slings
    41 | D:7      | Reached skill level 1 in Bows
    41 | D:7      | Reached skill level 1 in Crossbows
    41 | D:7      | Reached skill level 1 in Throwing
    41 | D:7      | Reached skill level 1 in Armour
    41 | D:7      | Reached skill level 1 in Shields
    41 | D:7      | Reached skill level 1 in Unarmed Combat
    41 | D:7      | Reached skill level 1 in Spellcasting
    41 | D:7      | Reached skill level 1 in Conjurations
    41 | D:7      | Reached skill level 1 in Hexes
    41 | D:7      | Reached skill level 1 in Summonings
    41 | D:7      | Reached skill level 1 in Necromancy
    41 | D:7      | Reached skill level 1 in Translocations
    41 | D:7      | Reached skill level 1 in Transmutations
    41 | D:7      | Reached skill level 1 in Fire Magic
    41 | D:7      | Reached skill level 1 in Ice Magic
    41 | D:7      | Reached skill level 1 in Air Magic
    41 | D:7      | Reached skill level 1 in Earth Magic
    41 | D:7      | Reached skill level 1 in Poison Magic
    41 | D:7      | Reached skill level 1 in Invocations
    41 | D:7      | Reached skill level 1 in Evocations
    41 | D:7      | Reached XP level 4. HP: 36/41 MP: 3/5
    65 | D:7      | Reached XP level 5. HP: 45/47 MP: 6/6
   254 | D:7      | Found a runed translucent gate.
   255 | D:7      | Found a runed translucent gate.
   256 | D:7      | Found a runed translucent gate.
   257 | D:7      | Noticed snonkus's ghost (novice GrBe)
   257 | D:7      | Noticed a warg
   261 | D:7      | Noticed an orc warrior
   371 | D:7      | Slain by a killer bee

Illustrated notes

Levels and vault maps discovered:
D:5:      layout_basic, nicolae_ru_great_annihilating_truth,
          nicolae_ossuary_entry_ruins, portal_sewer_entry_e
D:7:      layout_basic, biasface_ghost_orc_armoury

Skill      XL: |  1  2  3 |
---------------+----------+-----
Stealth        | |  9.7
Long Blades    | 1 |  1.4
Axes           | 1 |  1.4
Maces & Flails | 1 |  1.4
Polearms       | 1 |  1.4
Staves         | 1 |  1.4
Slings         | 1 |  1.4
Bows           | 1 |  1.4
Crossbows      | 1 |  1.4
Throwing       | 1 |  1.4
Armour         | 1 |  1.4
Shields        | 1 |  1.4
Unarmed Combat | 1 |  1.4
Spellcasting   | 1 |  1.4
Conjurations   | 1 |  1.1
Hexes          | 1 |  1.1
Summonings     | 1 |  1.1
Necromancy     | 1 |  1.1
Translocations | 1 |  1.1
Transmutations | 1 |  1.1
Fire Magic     | 1 |  1.1
Ice Magic      | 1 |  1.1
Air Magic      | 1 |  1.1
Earth Magic    | 1 |  1.1
Poison Magic   | 1 |  1.1
Invocations    | 1 |  1.6
Evocations     | 1 |  1.4
Fighting       | |  6.7
Short Blades   | |  4.7
Dodging        | |  4.7

Action                   |  1- 3 |  4- 6 || total
-------------------------+-------+-------++-------
Melee: Short sword       |    15 |    26 ||    41
       Bite              |       |     3 ||     3
  Use: Scroll            |     1 |     2 ||     3
 Stab: Sleeping          |     2 |     1 ||     3
       Paralysed         |     1 |       ||     1
       Distracted        |       |     1 ||     1
Armor: Leather armour    |     3 |     6 ||     9
Dodge: Dodged            |    12 |    22 ||    34
